 Dungeon Crawl Stone Soup version 0.29.0-4-gdea44cf6ec (webtiles) character file.

Game seed: 14259292103915028792

259 qw the Chopper (level 6, -7/35 HPs)
             Began as a Tengu Warper on Aug 28, 2022.
             Mangled by a gnoll
             ... wielding a +0 halberd
              (13 damage)
             ... on level 4 of the Dungeon.
             The game lasted 00:00:14 (3287 turns).

qw the Chopper (Tengu Warper)                       Turns: 3287, Time: 00:00:14

Health: -7/35      AC:  9    Str: 11    XL:     6   Next: 17%
Magic:  9/9        EV: 10    Int: 13    God:
Gold:   145        SH:  0    Dex: 14    Spells: 9/9 levels left

rFire   + . .      SeeInvis .   Y - +1 hand axe
rCold   . . .      Faith    .   (no shield)
rNeg    . . .      Spirit   .   d - +0 scale mail
rPois   .          Reflect  .   (helmet restricted)
rElec   .          Harm     .   (no cloak)
rCorr   .          Rampage  .   h - +2 pair of gloves
Will    .....                   (boots unavailable)
Stlth   ..........              (no amulet)
HPRegen 0.11/turn               i - ring of protection from fire
MPRegen 0.11/turn               (no ring)

@: flying quickly and evasively, quick
A: beak, talons 3, nimble flight, low MP 1, weak 1
a: no special abilities


You were on level 4 of the Dungeon.
You visited 1 branch of the dungeon, and saw 4 of its levels.

You collected 145 gold pieces.


Innate Abilities, Weirdness & Mutations

You have a beak for a mouth.
You have claws for feet.
Your magical nature lets you fly swiftly and evasively.
Your magical capacity is low. (-10% MP)
You are weak. (Str -2)


   Skills:
 - Level 2.0 Fighting
 + Level 6.9 Axes
 - Level 1.0 Throwing
 - Level 1.1 Armour
 - Level 2.1 Dodging
 - Level 2.0 Spellcasting
 - Level 2.4 Translocations


You had 9 spell levels left.
You didn't know any spells.
Your spell library contained the following spells:

 Spells                   Type           Power      Damage    Failure   Level
 Blink                    Tloc           14%        N/A       65%         2
 Gell's Gravitas          Tloc           7%         N/A       86%         3
 Lesser Beckoning         Tloc           7%         N/A       86%         3
 Teleport Other           Tloc           7%         N/A       86%         3
 Manifold Assault         Tloc           7%         N/A       100%        5

Inventory:

Hand Weapons
 j - a +0 mace
 Y - a +1 hand axe (weapon)
Armour
 d - a +0 scale mail (worn)
 h - a +2 pair of gloves (worn)
Jewellery
 c - a ring of magical power
 i - a ring of protection from fire (left hand)
Scrolls
 a - a scroll of identify
 b - a scroll of teleportation
 f - a scroll of poison {unknown}
Potions
 e - a potion of curing {unknown}
 g - a potion of mutation

Dungeon Overview and Level Annotations

Branches:
Dungeon (4/15)
 Temple: D:4-7

Altars:
Xom


Message History

The endoplasm hits you but does no damage.
You hit the endoplasm.
You kill the endoplasm!
You now have 145 gold pieces (gained 11).
A gnoll comes into view. It is wielding a +0 halberd.
The gnoll shouts!
Enter note:
3271 ||| Stepping ~*~*~tactically~*~*~ (hiding).
3272 ||| Stepping ~*~*~tactically~*~*~ (hiding).
You start waiting.
A gnoll is nearby!
The gnoll drinks a potion.
The gnoll flickers and vanishes!
Deactivating autopickup; reactivate with Ctrl-A.
You swing at nothing.
You swing at nothing.
You swing at nothing.
Something hits you.
You swing at nothing.
Something hits you!
You swing at nothing.
An adder comes into view.
Something hits you.
The adder moves out of view.
You swing at nothing.
Something hits you!
You swing at nothing.
Something hits you.
You swing at nothing.
Something hits you.
A gnoll comes into view.
It is wielding a +0 whip and quivering datura-tipped darts.
3283 ||| Stepping ~*~*~tactically~*~*~ (stealth).
You swing at nothing.
Something hits you.
A gnoll comes into view. It is wielding a +0 flail.
The gnoll shouts! x2; You hear an angry hiss.
You miss something. Your kick misses something. Your peck misses something.
Your punch misses something. Something hits you but does no damage.
You hit something. Your kick misses something. Your peck misses something.
Something hits you!
You die...

##...######
#.........####
#............#
#.............#
#.............#
###
#.............##
##.##
#....g........#
##...#
......g........#
#....#
........##@...##
##..... ......
##...# #......
..... ###.#
#...... .. ###
#.....) #......
#...... #......
##....# #....#


You could see 2 gnolls.

Vanquished Creatures
  A centaur (D:3)
  A bullfrog (D:4)
  A necrophage (D:3)
  An adder (D:2)
  3 dart slugs
  4 endoplasms
  2 giant cockroaches
  5 goblins
  4 hobgoblins
  4 jackals (D:3)
  2 quokkas (D:2)
  4 ball pythons
  A frilled lizard (D:2)
  2 kobolds
  A rat (D:1)
36 creatures vanquished.

Notes
Turn   | Place    | Note
-------+----------+-------------------------------------------
     0 | D:1      | qw the Tengu Warper began the quest for the Orb.
     0 | D:1      | Reached XP level 1. HP: 12/12 MP: 4/4
     0 | D:1      | 0 ||| qw: Version: 0.1-a-89-g26bdef1
     0 | D:1      | 0 ||| qw: Game counter: 1984
     0 | D:1      | 0 ||| qw: Always use a shield: true
     0 | D:1      | 0 ||| qw: God list: Okawaru
     0 | D:1      | 0 ||| qw: Allow faded altars: false
     0 | D:1      | 0 ||| qw: Do Orc after D:15 true
     0 | D:1      | 0 ||| qw: Do second Lair branch before Depths: true
     0 | D:1      | 0 ||| qw: Lair rune preference: random
     0 | D:1      | 0 ||| qw: Plans: Normal
     0 | D:1      | 0 ||| PLANNING D:1-11
   741 | D:1      | 741 ||| DROPPING +0 club.
   853 | D:1      | Reached skill level 3 in Axes
   853 | D:1      | Reached XP level 2. HP: 17/17 MP: 6/6
   876 | D:1      | 876 ||| Stepping ~*~*~tactically~*~*~ (stealth).
   878 | D:1      | 878 ||| Stepping ~*~*~tactically~*~*~ (stealth).
   879 | D:1      | 879 ||| Stepping ~*~*~tactically~*~*~ (stealth).
  1039 | D:1      | Found a faded altar of an unknown god.
  1312 | D:1      | 1312 ||| UPGRADING to +0 scale mail.
  1322 | D:1      | 1322 ||| DROPPING +0 leather armour.
  1323 | D:1      | 1323 ||| UPGRADING to +0 pair of gloves.
  1328 | D:1      | 1328 ||| DROPPING +0 ring mail.
  1329 | D:1      | 1329 ||| READING 3 scrolls labelled XIDADO JUYTREKKIOS.
  1330 | D:1      | 1330 ||| READING 2 scrolls labelled KAETULIETI.
  1331 | D:1      | 1331 ||| READING scroll of enchant armour.
  1331 | D:1      | 1331 ||| ENCHANTING +0 pair of gloves.
  1332 | D:1      | 1332 ||| READING 2 scrolls of identify.
  1332 | D:1      | 1332 ||| IDENTIFYING purple potion
  1333 | D:1      | 1333 ||| DROPPING scroll of blinking.
  1334 | D:1      | 1334 ||| DROPPING potion of brilliance.
  1391 | D:2      | 1391 ||| STAIRDANCE
  1530 | D:2      | Reached XP level 3. HP: 21/21 MP: 7/7
  1579 | D:2      | 1579 ||| Stepping ~*~*~tactically~*~*~ (stealth).
  1631 | D:2      | 1631 ||| READING scroll of enchant armour.
  1631 | D:2      | 1631 ||| ENCHANTING +1 pair of gloves.
  1650 | D:2      | 1650 ||| Stepping ~*~*~tactically~*~*~ (hiding).
  1652 | D:2      | 1652 ||| Stepping ~*~*~tactically~*~*~ (hiding).
  1794 | D:2      | Reached skill level 4 in Axes
  1987 | D:2      | 1987 ||| UPGRADING to ring of protection from fire.
  1988 | D:2      | 1988 ||| READING 2 scrolls labelled QIXZEFFITHI.
  1993 | D:2      | 1993 ||| READING scroll labelled OCSAAT PUNAE.
  1994 | D:2      | 1994 ||| READING scroll labelled CECHYN SORU.
  1995 | D:2      | 1995 ||| READING scroll labelled EDODAWOAGI.
  1996 | D:2      | 1996 ||| DRINKING 2 fizzy dark potions.
  1996 | D:2      | Gained mutation: You have hidden genetic defects. [potion
                  | of mutation]
  2187 | D:3      | Gained mutation: You are weak. (Str -2) [hidden defects]
  2287 | D:3      | Found a shimmering altar of Xom.
  2287 | D:3      | Found a shimmering altar of Xom.
  2287 | D:3      | Found a shimmering altar of Xom.
  2291 | D:3      | Found a shimmering altar of Xom.
  2321 | D:3      | 2321 ||| Stepping ~*~*~tactically~*~*~ (hiding).
  2563 | D:3      | Noticed a centaur
  2564 | D:3      | 2564 ||| Stepping ~*~*~tactically~*~*~ (hiding).
  2570 | D:3      | Killed a centaur
  2571 | D:3      | Reached skill level 5 in Axes
  2571 | D:3      | Reached XP level 4. HP: 19/26 MP: 8/8
  2571 | D:3      | Gained mutation: Your magical nature lets you fly swiftly
                  | and evasively. [Tengu growth]
  2571 | D:3      | Reached XP level 5. HP: 22/30 MP: 9/9
  2574 | D:3      | Gained mutation: Your magical capacity is low. (-10% MP)
                  | [hidden defects]
  2574 | D:3      | Lost mutation: You have hidden genetic defects. [hidden
                  | defects expressed]
  2790 | D:3      | Reached skill level 6 in Axes
  2937 | D:3      | 2937 ||| READING scroll labelled ROTEZA ANAAPT.
  2938 | D:3      | 2938 ||| READING 2 scrolls of identify.
  2938 | D:3      | 2938 ||| IDENTIFYING ruby potion
  2939 | D:3      | 2939 ||| DROPPING potion of magic.
  3046 | D:4      | Reached XP level 6. HP: 28/35 MP: 9/9
  3271 | D:4      | 3271 ||| Stepping ~*~*~tactically~*~*~ (hiding).
  3272 | D:4      | 3272 ||| Stepping ~*~*~tactically~*~*~ (hiding).
  3283 | D:4      | 3283 ||| Stepping ~*~*~tactically~*~*~ (stealth).
  3284 | D:4      | HP: 6/35 [something (5)]
  3287 | D:4      | Mangled by a gnoll

Levels and vault maps discovered:
D:1:      doesnt_arrival_eight_statues, layout_loops_corners,
          shapermc_ecumenical_altar_gd
D:2:      layout_basic
D:3:      layout_basic, xom_redecorated, kennysheep_another_room,
          patterned_corridor
D:4:      layout_cave_pods

Skill      XL: |  1  2  3  4  5 |
---------------+----------------+-----
Axes           | 3 5 6 |  6.9
Fighting       | |  2.0
Throwing       | |  1.0
Armour         | |  1.1
Dodging        | |  2.1
Spellcasting   | |  2.0
Translocations | |  2.4

Action                   |  1- 3 |  4- 6 || total
-------------------------+-------+-------++-------
Melee: Hand axe          |    78 |    22 ||   100
       Peck              |    15 |     3 ||    18
       Kick              |    12 |     9 ||    21
Throw: Boomerang         |     7 |       ||     7
  Use: Scroll            |     9 |     2 ||    11
       Potion            |     1 |       ||     1
Armor: Leather armour    |     4 |       ||     4
       Scale mail        |    33 |     3 ||    36
Dodge: Dodged            |    47 |     9 ||    56

Table legend:
 A = Non-vault XP
 B = Vault XP
 C = Vault XP percentage of total XP
 D = Non-vault monster count
 E = Vault monster count
 F = Vault count percentage of total count
                 A         B        C        D         E       F
            +---------+---------+-------+---------+---------+-------
      Total |     371 |       0 |   0.0 |      36 |       0 |   0.0
            +---------+---------+-------+---------+---------+-------
        D:1 |      18 |       0 |   0.0 |       9 |       0 |   0.0
        D:2 |      29 |       0 |   0.0 |       9 |       0 |   0.0
        D:3 |     223 |       0 |   0.0 |      13 |       0 |   0.0
        D:4 |     101 |       0 |   0.0 |       5 |       0 |   0.0
            +---------+---------+-------+---------+---------+-------
